 Dungeon Crawl Stone Soup version 0.18.1-48-g4cf74bf (webtiles) character file.

748 dslkjfsdf the Ducker (level 7, -6/106 HPs)
             Began as a Troll Berserker on Sept 11, 2016.
             Was an Elder of Trog.
             Mangled by Arcadio's ghost (13 damage)
             ... on level 6 of the Dungeon.
             The game lasted 00:13:27 (4392 turns).

dslkjfsdf the Ducker (Troll Berserker)              Turns: 4392, Time: 00:13:29

Health: -6/106     AC: -2    Str: 31      XL:     7   Next: 48%
Magic:  6/6        EV: 10    Int:  7      God:    Trog [****..]
Gold:   235        SH:  0    Dex:  8 (9)  Spells: 0 memorised, 6 levels left

rFire  . . .     SeeInvis .     g - +4 dagger of the Many Nights {drain, Int+2}
rCold  . . .     Gourm    +     a - +1 animal skin
rNeg   . . .     Faith    .     (no shield)
rPois  .         Spirit   .     (helmet restricted)
rElec  .         Dismiss  .     (no cloak)
rCorr  .         Reflect  .     (gloves unavailable)
SustAt .         Harm     +     (boots unavailable)
MR     .....                    v - amulet of harm
Stlth  ..........               (no ring)
                                (no ring)

@: berserking (expiring), corroded, very heavily drained, very quick, not
resistant to hostile enchantments, extremely unstealthy
A: unfitting armour, claws 3, deterioration 1, fast metabolism 3, gourmand,
regeneration 2, shaggy fur 1, tough skin 2
a: Berserk, Trog's Hand, Brothers in Arms, Burn Spellbooks, Renounce Religion


You were on level 6 of the Dungeon.
You worshipped Trog.
Trog was greatly pleased with you.
You were not hungry.

You visited 1 branch of the dungeon, and saw 6 of its levels.

You collected 235 gold pieces.

Inventory:

Hand Weapons
 g - the +4 dagger of the Many Nights (weapon) {drain, Int+2}
   (You found it on level 5 of the Dungeon)

   A truly terrible weapon, it drains the life of those it strikes.
   It affects your intelligence (+2).
Missiles
 r - 11 tomahawks (quivered)
Armour
 a - a +1 animal skin (worn)
Jewellery
 d - an uncursed ring of ice
 v - an amulet of harm (around neck)
Wands
 c - a wand of polymorph (6/24)
 m - a wand of lightning (12/15)
 t - a wand of paralysis (15/24)
 w - a wand of acid (10/15)
Scrolls
 e - 6 scrolls of identify
 h - 3 scrolls of fear
 l - 3 scrolls of remove curse
 s - a scroll of recharging
 u - a scroll of teleportation
Potions
 n - a potion of heal wounds
 o - 2 potions of haste
 q - 2 potions of brilliance
Comestibles
 b - 4 bread rations
 f - a beef jerky
 i - 2 meat rations
 j - a slice of pizza
 k - a royal jelly
 p - a fruit


   Skills:
 + Level 4.4(1.5) Fighting
 * Level 0.7(0.0) Short Blades
 + Level 5.2(2.1) Dodging
 + Level 5.0(2.0) Unarmed Combat


You had 6 spell levels left.
You didn't know any spells.

Dungeon Overview and Level Annotations

Branches:
Dungeon (6/15)
 Temple: D:4-7

Altars:
Nemelex Xobeh
Qazlal
Trog

Annotations:
D:6 Arcadio's ghost, novice TrCK


Innate Abilities, Weirdness & Mutations

You are too large for most types of armour.
You have claws for hands.
Your metabolism is lightning-fast.
You like to eat raw meat.
You heal very quickly.
You are covered in fur (AC +1).
You have very tough skin (AC +2).
Your body sometimes deteriorates upon taking damage.


Message History

* * * LOW HITPOINT WARNING * * *
You feel drained.
* * * LOW HITPOINT WARNING * * *
You barely miss Arcadio's ghost.
Arcadio's ghost is almost destroyed.
The jelly closely misses you. Arcadio's ghost misses you.
You hit Arcadio's ghost.
Arcadio's ghost is almost destroyed.
The jelly hits you.
* * * LOW HITPOINT WARNING * * *
You are splashed with acid!
The acid corrodes you!
The acid burns!
* * * LOW HITPOINT WARNING * * *
Unknown command.
You barely miss Arcadio's ghost.
Arcadio's ghost is almost destroyed.
Arcadio's ghost closely misses you.
You closely miss Arcadio's ghost.
Arcadio's ghost is almost destroyed.
The jelly barely misses you. Arcadio's ghost hits you!
You die...

#.# #.# #.# #.# #.#
#.### #.# #.# #...#
#.######?# ###.#
#.<.>.)..# #.#
#######..# #<# #..#
#.# ##########..####
#.# ......W@.......#
#.#
.....###J........#.#
### #.......#.#.#
(...........#
##.......#.###
#....[..#.#
#.......# ##.#...##


You could see a jelly and Arcadio's ghost.

Vanquished Creatures
  A wasp (D:5)
  A scorpion (D:5)
  3 wights (D:6)
  A hound (D:4)
  2 orc wizards (D:4)
  2 orc priests (D:4)
  Terence (D:2)
  An iguana (D:4)
  2 worker ants
  A hound skeleton (D:4)
  3 gnolls (D:4)
  9 adders
  An ooze (D:3)
  An adder skeleton (D:4)
  2 worms (D:2)
  4 dart slugs
  A giant gecko (D:4)
  15 orcs
  3 giant cockroaches
  11 hobgoblins
  4 jackals
  3 quokkas
  2 ball pythons
  4 bats
  6 giant newts
  13 goblins
  11 kobolds
  6 rats
  A plant (D:4)
115 creatures vanquished.

Notes
Turn   | Place    | Note
--------------------------------------------------------------
     0 | D:1      | dslkjfsdf the Troll Berserker began the quest for the Orb.
     0 | D:1      | Reached XP level 1. HP: 22/22 MP: 0/0
   232 | D:1      | Reached XP level 2. HP: 16/29 MP: 1/1
   913 | D:2      | Reached XP level 3. HP: 30/37 MP: 2/2
  1090 | D:2      | Reached ** piety under Trog
  1107 | D:2      | Found a stormy altar of Qazlal.
  1234 | D:2      | Reached XP level 4. HP: 37/45 MP: 3/3
  1549 | D:2      | Noticed Terence
  1567 | D:2      | Killed Terence
  1786 | D:3      | Reached XP level 5. HP: 28/53 MP: 4/4
  1879 | D:3      | Found a bloodstained altar of Trog.
  2462 | D:3      | Gained mutation: You are weak. (Str -2) [potion of mutation]
  2462 | D:3      | Gained mutation: Your body sometimes deteriorates upon taking damage. [potion of mutation]
  2462 | D:3      | Lost mutation: You are weak. (Str -2) [potion of mutation]
  2585 | D:4      | Reached *** piety under Trog
  2803 | D:4      | Reached XP level 6. HP: 38/62 MP: 5/5
  3018 | D:4      | Reached **** piety under Trog
  3458 | D:5      | Entered Level 5 of the Dungeon
  3483 | D:5      | Reached XP level 7. HP: 60/70 MP: 6/6
  3774 | D:5      | Got an iridescent dagger
  3775 | D:5      | Identified the +4 dagger of the Many Nights {drain, Int+2} (You found it on level 5 of the Dungeon)
  3879 | D:5      | Found a sparkling altar of Nemelex Xobeh.
  3906 | D:5      | Reached skill level 5 in Dodging
  4315 | D:6      | Reached skill level 5 in Unarmed Combat
  4345 | D:6      | Noticed Arcadio's ghost (novice TrCK)
  4392 | D:6      | Mangled by Arcadio's ghost

Skill      XL: |  1  2  3  4  5  6  7 |
---------------+----------------------+-----
Fighting       | 3 4 |  4.4
Dodging        | 3 4 5 |  5.2
Unarmed Combat | 4 5 |  5.0
Short Blades   | |  0.7

Action                   |  1- 3 |  4- 6 |  7- 9 || total
-------------------------+-------+-------+-------++-------
Melee: Unarmed           |    92 |   240 |     5 ||   337
       Punch             |     2 |     3 |       ||     5
       Dagger            |       |       |    46 ||    46
Invok: Berserk           |       |     2 |     2 ||     4
  Use: Scroll            |       |    10 |     4 ||    14
       Potion            |       |    12 |       ||    12
 Stab: Sleeping          |       |     2 |       ||     2
  Eat: Chunk             |    17 |    23 |     1 ||    41
Armor: Animal skin       |    36 |    58 |     7 ||   101
Dodge: Dodged            |    57 |   123 |    20 ||   200
